 Dungeon Crawl Stone Soup version 0.30-a0-528-g8c47a4955b (webtiles) character file.

Game seed: 8436443534089821016

133924 BubbleThief the Earth Mage (level 16, -6/146 HPs)
             Began as a Yellow Draconian Conjurer on Oct 17, 2022.
             Was a High Priest of Vehumet.
             Killed from afar by a will-o-the-wisp (23 damage)
             ... with a foxfire
             ... on level 3 of the Swamp on Dec 23, 2022.
             The game lasted 01:25:24 (29722 turns).

BubbleThief the Earth Mage (DrCj)                  Turns: 29722, Time: 01:25:25

Health: -6/146     AC: 16    Str: 10    XL:     16   Next: 61%
Magic:  6/33       EV: 12    Int: 26    God:    Vehumet [*****.]
Gold:   2309       SH:  0    Dex: 16    Spells: 21/42 levels left

rFire   . . .      SeeInvis .    Z - staff of earth
rCold   . . .      Faith    .    (no shield)
rNeg    . . .      Spirit   .    (body armour unavailable)
rPois   .          Reflect  .    t - +2 hat
rElec   .          Harm     .    J - +2 cloak
rCorr   +          Rampage  .    l - +0 pair of gloves
Will    ++...                    m - +0 pair of boots
Stlth   ++                       u - amulet of magic regeneration
HPRegen 0.44/turn                q - +6 ring of dexterity
MPRegen 0.63/turn                U - ring of willpower

@: about to teleport
A: spit acid, AC +9, unfitting armour, acidic bite, cold-blooded, acid
resistance
a: Breathe Acid, Renounce Religion


You were on level 3 of the Swamp.
You worshipped Vehumet.
Vehumet was extremely pleased with you.
You visited 5 branches of the dungeon, and saw 26 of its levels.
You also visited: Ossuary and Bailey.

You collected 2453 gold pieces.
You spent 144 gold pieces at shops.

Inventory:

Hand Weapons
 B - a +3 double sword of electrocution
 K - a +6 flail of freezing
Missiles
 G - 2 throwing nets
Armour
 l - a +0 pair of gloves (worn)
 m - a +0 pair of boots (worn)
 t - a +2 hat (worn)
 D - a scarf of harm
 J - a +2 cloak (worn)
Magical Staves
 Z - a staff of earth (weapon)
Jewellery
 e - a ring of see invisible
 i - the ring of Zibu {Wiz rElec Will- Dex+3 SInv}
   (You found it on level 6 of the Dungeon)

   [ring of wizardry]

   It improves your spell success rate.
   Dex:       It affects your dexterity (+3).
   rElec:     It insulates you from electricity.
   SInv:      It lets you see invisible.
   Will:      It decreases your willpower.
 p - a ring of wizardry
 q - a +6 ring of dexterity (left hand)
 u - an amulet of magic regeneration (around neck)
 L - a ring of protection from cold
 Q - a ring of protection from fire
 S - an amulet of regeneration
 U - a ring of willpower (right hand)
 X - a +4 ring of slaying
Wands
 y - a wand of mindburst (38)
 F - a wand of light (12)
 H - a wand of paralysis (29)
 I - a wand of flame (8)
 N - a wand of digging (8)
 O - a wand of roots (1)
Scrolls
 b - 4 scrolls of teleportation
 c - 11 scrolls of identify
 k - 4 scrolls of magic mapping
 n - 2 scrolls of amnesia
 o - 5 scrolls of blinking
 r - a scroll of butterflies
 s - 4 scrolls of enchant weapon
 w - 6 scrolls of enchant armour
 E - 4 scrolls of fear
 T - a scroll of summoning
 V - a scroll of brand weapon
 Y - a scroll of silence
Potions
 a - a potion of magic
 d - 12 potions of curing
 f - 4 potions of attraction
 g - 4 potions of cancellation
 h - 8 potions of heal wounds
 j - 3 potions of flight
 v - 4 potions of haste
 x - 8 potions of might
 z - 6 potions of mutation
 A - 4 potions of resistance
 C - 2 potions of invisibility {unknown}
 M - 7 potions of ambrosia
 P - 4 potions of brilliance
 R - a potion of lignification
Miscellaneous
 W - a phantom mirror


   Skills:
 + Level 14.3 Fighting
 - Level 1.7 Dodging
 - Level 1.7 Stealth
 + Level 13.7 Spellcasting
 + Level 14.0 Conjurations
 - Level 4.0 Transmutations
 + Level 18.9 Earth Magic


You had 21 spell levels left.
You knew the following spells:

 Your Spells              Type           Power      Damage    Failure   Level
a - Passwall              Tmut/Erth      71%        N/A       1%          2
c - Stone Arrow           Conj/Erth      100%       3d13      0%          3
d - Petrify               Tmut/Erth      86%        N/A       1%          4
e - Statue Form           Tmut/Erth      57%        N/A       4%          6
f - Iron Shot             Conj/Erth      50%        9d10      1%          6

Your spell library contained the following spells:

 Spells                   Type           Power      Damage    Failure   Level
 Spellforged Servitor     Conj/Summ      26%        N/A       36%         7
 Magic Dart               Conj           100%       1d8       0%          1
 Sandblast                Erth           100%       2d20      0%          1
 Searing Ray              Conj           100%       2d8       0%          2
 Scorch                   Fire           34%        2d6       1%          2
 Dazzling Flash           Conj/Hex       100%       N/A       1%          3
 Ignite Poison            Fire/Tmut/Pois 24%        N/A       1%          3
 Flame Wave               Conj/Fire      53%        2d13      1%          4
 Fulminant Prism          Conj/Hex       26%        3d13      1%          4
 Iskenderun's Mystic Bla  Conj/Tloc      53%        2d11      1%          4
 Leda's Liquefaction      Hex/Erth       39%        N/A       1%          4
 Sticky Flame             Conj/Fire      53%        2d7       1%          4
 Arcjolt                  Conj/Air       26%        1d36      1%          5
 Inner Flame              Hex/Fire       17%        N/A       2%          3
 Lehudib's Crystal Spear  Conj/Erth      50%        10d12     7%          8
 Ozocubu's Armour         Ice            17%        N/A       10%         3
 Vhi's Electric Charge    Tloc/Air       34%        N/A       10%         3
 Anguish                  Hex/Necr       8%         N/A       30%         4
 Shatter                  Erth           54%        3d41*     32%         9
 Metabolic Englaciation   Hex/Ice        8%         N/A       65%         5
 Simulacrum               Ice/Necr       8%         N/A       99%         6
 Summon Cactus Giant      Summ           8%         N/A       99%         6
 Enfeeble                 Hex            8%         N/A       100%        7
 Ignition                 Fire           8%         3d5       100%        8
 Maxwell's Capacitive Co  Air            8%         ∞         100%        8
 Animate Armour           Summ/Erth      Unusable   N/A       N/A         4

Dungeon Overview and Level Annotations

Branches:
Dungeon (15/15)            Temple (1/1) D:7            Lair (5/5) D:11
  Swamp (3/4) Lair:2        Snake (0/4) Lair:2        Slime (0/5) Lair:4
    Orc (2/2) D:9             Elf (0/3) Orc:2        Vaults (0/5) D:14
 Depths (0/4) D:15        Ossuary (visited)          Bailey (visited)

Altars:
Ashenzari
Cheibriados
Dithmenos
Elyvilon
Fedhas
Gozag
Hepliaklqana
Kikubaaqudgha
Makhleb
Nemelex Xobeh
Okawaru
Qazlal
Ru
Sif Muna
Trog
Uskayaw
Vehumet
Wu Jian
Xom
Yredelemnul
Zin
The Shining One

Shops:
D:8 [   Orc:2 :(:?

Annotations:
Swamp:3 Louise


Innate Abilities, Weirdness & Mutations

You can spit globs of acid.
Your golden yellow scales are hard. (AC +9)
You cannot fit into any form of body armour.
You have acidic saliva.
You are cold-blooded and may be slowed by cold attacks.
You are resistant to acid. (rCorr)


Message History

Aim: an eight-headed hydra (severely wounded, wandering, blind, hasn't noticed you, 92% to hit)
You feel a surge of power!
The iron shot hits the eight-headed hydra!!!
You kill the eight-headed hydra!
Vehumet accepts your kill.
The bunyip howls a warning cry!
You hear a shout!
Unknown command.
Okay, then.
As you read the scroll of fear, it crumbles to dust.
You assume a fearsome visage.
The bunyip looks frightened!
The will-o-the-wisp is unaffected.
Unknown command.
The will-o-the-wisp gestures.
The will-o-the-wisp conjures some foxfire! 2 foxfires come into view.
The will-o-the-wisp gestures.
The will-o-the-wisp conjures some foxfire!
The foxfire hits you!
* * * LOW HITPOINT WARNING * * *
2 foxfires come into view.
Unknown command.
The foxfire hits you!
* * * LOW HITPOINT WARNING * * *
The foxfire hits you but does no damage.
Unknown command.
Louise the Corrupted comes into view.
She is wielding a +2 vampiric demon trident.
Louise shouts!
The foxfire hits you!
* * * LOW HITPOINT WARNING * * *
The will-o-the-wisp gestures.
The will-o-the-wisp conjures some foxfire!
Louise moves out of view. 2 foxfires come into view.
Okay, then.
You feel much better. The foxfire hits you!
* * * LOW HITPOINT WARNING * * *
As you read the scroll of teleportation, it crumbles to dust.
You feel strangely unstable. The foxfire hits you!!
You die...

♣.~..............~♣♣.**
♣♣.~~...........~~♣,♣~** **
♣♣~~.~~~...~..~.?..,,~,***~
♣♣..~..§.~.~...~♣♣.,,,,*~~~~
♣♣~~.~§...~.....♣♣***,*~~~~~,
♣♣.~.~.~......~.♣♣,,,**~~~~,,~
♣....~§.~.......♣,,~~~~~,,,,,,
♣♣..~..~.♣♣~....♣,~~~~,~,,,,,~
♣♣.....~♣♣~~@~.♣,~~~~,,~,,,~,
♣..~~~†~.~.v~.♣,,,,,,~~,~,,,
♣♣~~...~~.~§§.♣♣♣*,,,~,,~~,~
♣♣.♣.~.~..§.§~~..,~~,~,,,,,
♣♣♣♣..~.§§.§..@.~,,~,,,,,,
♣....~~~v§.....,,^,,,,~,
*♣~.~†.....§.~.~,,,,,,,~,
♣......~..~§....,,,,,~~~~
***♣~~.~...~..§...,,,,,~~~~~


You could see Louise and a will-o-the-wisp.

Vanquished Creatures
  Nikola (Swamp:3)
  Rupert (Orc:2)
  Agnes (D:15)
  Roxanne (D:15)
  Kirke (D:14)
  Azrael (D:15)
  2 eleionomae
  2 bunyips (Swamp:3)
  Josephine (D:15)
  2 ice dragons (D:15)
  A rakshasa (D:14)
  21 hydras
  2 ghost crabs (Swamp:3)
  2 ogre magi
  A boulder beetle (Lair:1)
  2 merfolk avatars (Swamp:1)
  4 centaur warriors
  6 catoblepae
  3 tengu warriors
  9 alligators
  16 two-headed ogres
  22 death yaks
  A shock serpent (shapeshifter) (D:15)
  An orc high priest (Orc:2)
  A deep elf knight (D:14)
  Amaemon (D:8)
  8 skeletal warriors
  2 goliath frogs
  2 swamp dragons
  Pikel (D:6)
  3 deep elf pyromancers
  3 orc knights
  5 manticores
  9 ugly things
  4 cyclopes
  11 elephants
  7 black mambas
  A gargoyle (D:11)
  Maurice (D:8)
  4 cane toads
  An orange demon (D:8)
  A torpor snail (Lair:4)
  2 centaur skeletons (D:14)
  2 rime drakes
  An unseen horror (D:10)
  10 komodo dragons
  A tengu conjurer (D:12)
  A troll (Orc:2)
  4 bloated husks
  A queen bee (Lair:2)
  6 tyrant leeches
  6 hornets
  14 slime creatures
  3 blink frogs
  11 dream sheep
  10 spriggans
  4 shadows
  6 wraiths
  A centaur simulacrum (D:14)
  A vampire (D:14)
  52 yaks
  5 wyverns
  4 hogs (D:14)
  2 humans (Lair:4)
  8 basilisks
  A fire elemental (D:15)
  2 wargs
  3 vampire mosquitoes (D:10)
  3 steam dragons
  9 swamp worms
  4 acid dragons
  17 water moccasins
  3 hell hounds (D:15)
  4 swamp drakes
  An ice beast (D:6)
  A sky beast (D:6)
  36 orc warriors
  10 ogres
  6 wolves
  18 centaurs
  4 phantoms
  11 bullfrogs
  2 necrophages
  5 scorpions
  2 water moccasin zombies (Ossuary)
  6 wights
  2 troll zombies (D:9)
  29 killer bees
  3 centaur zombies (Ossuary)
  2 jellies
  12 orc priests
  2 hounds
  Jessica (D:2)
  2 iguanas
  Natasha (D:2)
  13 orc wizards
  6 ogre zombies (D:9)
  A mummy (D:4)
  Robin (D:2)
  10 adders
  3 white imps
  An ufetubus (D:7)
  4 adder zombies (Ossuary)
  5 worms
  A dart slug (D:1)
  56 orcs
  3 bats
  6 endoplasms
  4 giant cockroaches
  14 goblins
  11 hobgoblins
  8 quokkas
  7 ball pythons
  3 frilled lizards
  4 gnoll zombies (Ossuary)
  A goblin skeleton (D:9)
  5 goblin zombies
  2 hobgoblin skeletons (D:9)
  7 hobgoblin zombies
  7 kobolds
  3 orc skeletons (D:9)
  16 orc zombies
  3 rats
731 creatures vanquished.

Vanquished Creatures (others)
  2 goliath frogs (Swamp:1)
  2 centaur skeletons (D:14)
  A hornet (Swamp:1)
  A bloated husk (Swamp:1)
  2 humans (D:14)
  An orc (Orc:1)
  5 foxfires (Swamp:3)
  29 fungi
  71 plants
114 creatures vanquished.

Grand Total: 845 creatures vanquished

Notes
Turn   | Place    | Note
-------+----------+-------------------------------------------
     0 | D:1      | BubbleThief the Draconian Conjurer began the quest for the
                  | Orb.
     0 | D:1      | Reached XP level 1. HP: 14/14 MP: 3/3
   167 | D:1      | Reached XP level 2. HP: 20/20 MP: 0/5
  1081 | D:1      | Learned a level 2 spell: Searing Ray
  1107 | D:2      | Reached skill level 5 in Conjurations
  1107 | D:2      | Reached XP level 3. HP: 26/26 MP: 1/6
  1375 | D:2      | Noticed Jessica
  1379 | D:2      | Killed Jessica
  1380 | D:2      | Reached XP level 4. HP: 33/33 MP: 3/7
  1833 | D:2      | Noticed Natasha
  1836 | D:2      | Noticed Robin
  1839 | D:2      | Killed Natasha
  1933 | D:2      | Killed Robin
  1934 | D:2      | Reached XP level 5. HP: 38/38 MP: 0/8
  2343 | D:3      | Noticed an ogre
  2348 | D:3      | Killed an ogre
  2557 | D:3      | Found a basalt altar of Yredelemnul.
  2616 | D:3      | Reached XP level 6. HP: 45/45 MP: 0/9
  3014 | D:3      | Found a glowing drain.
  3205 | D:4      | Found a sand-covered staircase.
  3244 | Ossuary  | Entered an ossuary
  3916 | Ossuary  | Your scales start taking on a golden yellow colour.
  3916 | Ossuary  | Reached XP level 7. HP: 49/50 MP: 1/10
  3916 | Ossuary  | Gained mutation: You are resistant to acid. (rCorr) [Yellow
                  | Draconian growth]
  4003 | Ossuary  | Noticed a silent spectre
  4063 | D:4      | Learned a level 3 spell: Stone Arrow
  4179 | D:4      | Reached skill level 1 in Earth Magic
  4619 | D:4      | Reached skill level 2 in Earth Magic
  4840 | D:5      | Entered Level 5 of the Dungeon
  5183 | D:5      | Reached skill level 3 in Earth Magic
  5533 | D:5      | Reached XP level 8. HP: 57/57 MP: 10/13
  5746 | D:5      | Found a bloodstained altar of Trog.
  5888 | D:6      | Noticed Pikel
  5892 | D:6      | Killed Pikel
  5893 | D:6      | Reached skill level 5 in Spellcasting
  5893 | D:6      | Reached skill level 5 in Earth Magic
  5896 | D:6      | Identified the ring of Zibu {Wiz rElec Will- Dex+3 SInv}
  6016 | D:6      | Identified the +4 falchion of Diluul {vorpal, rCorr}
  6295 | D:6      | Reached XP level 9. HP: 62/62 MP: 8/17
  6342 | D:6      | Reached skill level 6 in Earth Magic
  6766 | D:7      | Found a sacrificial altar of Ru.
  6905 | D:7      | Found a staircase to the Ecumenical Temple.
  6913 | Temple   | Entered the Ecumenical Temple
  6925 | Temple   | Became a worshipper of Vehumet
  6961 | D:7      | Found an ornate altar of the Wu Jian Council.
  7232 | D:8      | Found a flagged portal.
  7247 | Bailey   | Entered a bailey
  7289 | Bailey   | Reached skill level 7 in Earth Magic
  7471 | Bailey   | Noticed a two-headed ogre
  7476 | Bailey   | Killed a two-headed ogre
  7477 | Bailey   | Reached skill level 8 in Earth Magic
  7511 | Bailey   | Reached XP level 10. HP: 69/69 MP: 19/22
  7517 | Bailey   | Identified the +3 long sword "Loopy" {vorpal, rElec rC-
                  | Will++ Dex+4}
  7716 | D:8      | Learned a level 2 spell: Passwall
  7721 | D:8      | Learned a level 4 spell: Petrify
  7852 | D:8      | Noticed Maurice
  7871 | D:8      | Killed Maurice
  7872 | D:8      | Reached skill level 9 in Earth Magic
  7964 | D:8      | Noticed Amaemon
  7966 | D:8      | Noticed an orange demon
  7971 | D:8      | Killed an orange demon
  7976 | D:8      | Killed Amaemon
  8036 | D:8      | Reached * piety under Vehumet
  8036 | D:8      | Offered knowledge of Shock by Vehumet.
  8069 | D:8      | Upgraded the game from 0.30-a0-279-g4b46babb21 to
                  | 0.30-a0-292-g0f741e3f8e
  8259 | D:8      | Found Buarhaot's Antique Armour Shoppe.
  8588 | D:9      | Reached skill level 10 in Earth Magic
  8714 | D:9      | Found a staircase to the Orcish Mines.
  8726 | D:9      | Reached ** piety under Vehumet
  8750 | D:9      | Offered knowledge of Scorch by Vehumet.
  8876 | D:9      | Identified the +0 robe "Laijeoti" {+Blink Str+4}
  9228 | D:9      | Offered knowledge of Inner Flame by Vehumet.
  9271 | D:9      | Reached skill level 10 in Spellcasting
  9276 | D:9      | Reached XP level 11. HP: 74/74 MP: 12/25
  9548 | D:9      | Learned a level 6 spell: Statue Form
  9558 | D:10     | Entered Level 10 of the Dungeon
  9749 | D:10     | Reached skill level 1 in Transmutations
  9826 | D:10     | Noticed a two-headed ogre
  9832 | D:10     | Killed a two-headed ogre
  9833 | D:10     | Reached skill level 11 in Earth Magic
  9854 | D:10     | Reached *** piety under Vehumet
  9874 | D:10     | Found a hazy altar of Hepliaklqana.
  9897 | D:10     | Noticed a two-headed ogre
  9906 | D:10     | Killed a two-headed ogre
 10856 | D:11     | Noticed a two-headed ogre
 10861 | D:11     | Killed a two-headed ogre
 11149 | D:11     | Reached skill level 12 in Earth Magic
 11195 | D:11     | Offered knowledge of Mephitic Cloud by Vehumet.
 11214 | D:11     | Found a staircase to the Lair.
 11223 | D:11     | Identified the +1 ring mail "Wefrerphaug" {rN++ Int+4}
 11676 | Lair:1   | Entered Level 1 of the Lair of Beasts
 11810 | Lair:1   | Noticed a boulder beetle
 11829 | Lair:1   | Killed a boulder beetle
 11830 | Lair:1   | Reached skill level 1 in Fighting
 11830 | Lair:1   | Reached XP level 12. HP: 64/84 MP: 2/27
 12345 | Lair:1   | Reached **** piety under Vehumet
 12480 | Lair:1   | Noticed a death yak
 12482 | Lair:1   | Noticed a death yak
 12482 | Lair:1   | Noticed a death yak
 12482 | Lair:1   | Noticed a death yak
 12483 | Lair:1   | Noticed a death yak
 12775 | Lair:2   | Noticed a death yak
 12775 | Lair:2   | Noticed a death yak
 12854 | Lair:2   | Noticed a death yak
 12854 | Lair:2   | Noticed a death yak
 12869 | Lair:2   | Killed a death yak
 13125 | Lair:1   | Killed a death yak
 13278 | Lair:2   | Offered knowledge of Frozen Ramparts by Vehumet.
 13286 | Lair:2   | Reached skill level 13 in Earth Magic
 13574 | Lair:2   | Found a staircase to the Swamp.
 13625 | Lair:2   | HP: 4/93 [poisoned by a water moccasin]
 13936 | Lair:2   | Found a staircase to the Snake Pit.
 14004 | Lair:2   | Killed a death yak
 14005 | Lair:2   | Reached skill level 5 in Fighting
 14013 | Lair:2   | Killed a death yak
 14014 | Lair:2   | Reached skill level 14 in Earth Magic
 14017 | Lair:2   | HP: 3/94 [death yak (18)]
 14018 | Lair:2   | Killed a death yak
 14759 | Lair:3   | Found a broken altar of Ashenzari.
 15050 | Lair:3   | Reached XP level 13. HP: 97/102 MP: 22/29
 15481 | Lair:4   | Found a staircase to the Slime Pits.
 15483 | Lair:4   | Reached skill level 15 in Earth Magic
 16071 | Lair:4   | Reached ***** piety under Vehumet
 16117 | Lair:4   | Offered knowledge of Iron Shot by Vehumet.
 16151 | Lair:4   | Learned a level 6 spell: Iron Shot
 17044 | Lair:5   | Entered Level 5 of the Lair of Beasts
 17338 | Lair:5   | Reached skill level 10 in Fighting
 17889 | Lair:4   | Upgraded the game from 0.30-a0-292-g0f741e3f8e to
                  | 0.30-a0-297-g0ec75d9ef4
 18066 | Lair:5   | Reached skill level 16 in Earth Magic
 18210 | Lair:5   | Gained mutation: You have acidic saliva. [Yellow Draconian
                  | growth]
 18210 | Lair:5   | Reached XP level 14. HP: 122/122 MP: 21/30
 18949 | Lair:5   | Reached skill level 10 in Conjurations
 19700 | D:12     | Offered knowledge of Iskenderun's Battlesphere by Vehumet.
 20891 | Orc:1    | Entered Level 1 of the Orcish Mines
 21038 | Orc:2    | Entered Level 2 of the Orcish Mines
 21336 | Orc:2    | Reached skill level 17 in Earth Magic
 21457 | Orc:2    | Noticed Rupert
 21495 | Orc:2    | Killed Rupert
 21571 | Orc:2    | Found a staircase to the Elven Halls.
 22494 | Orc:2    | Found Miogumit's Book Boutique.
 22494 | Orc:2    | Found Goecuiti's Weapon Shoppe.
 22496 | Orc:2    | Found Rawi's Book Emporium.
 22498 | Orc:2    | Found Delicug's Magic Scroll Shop.
 22510 | Orc:2    | Bought a scroll of teleportation for 48 gold pieces
 22510 | Orc:2    | Bought a scroll of teleportation for 48 gold pieces
 22510 | Orc:2    | Bought a scroll of teleportation for 48 gold pieces
 22594 | Orc:1    | Noticed an orc warlord
 22637 | Orc:1    | Noticed an orc warlord
 23249 | D:13     | Reached XP level 15. HP: 132/132 MP: 16/31
 23279 | D:13     | Identified a scroll of acquirement
 23279 | D:13     | Acquired a staff of earth
 23711 | D:14     | Noticed Kirke
 23727 | D:14     | Killed Kirke
 24673 | D:14     | Found a gate to the Vaults.
 24818 | D:15     | Entered Level 15 of the Dungeon
 24818 | D:15     | Noticed Azrael
 24822 | D:15     | Killed Azrael
 24823 | D:15     | Reached skill level 18 in Earth Magic
 24825 | D:15     | Offered knowledge of Conjure Ball Lightning by Vehumet.
 25298 | D:14     | Upgraded the game from 0.30-a0-297-g0ec75d9ef4 to
                  | 0.30-a0-310-g7d6cbdfea6
 25459 | D:15     | Found a hazy altar of Hepliaklqana.
 25493 | D:15     | Identified Roxanne's Octavo of the Ground
 25493 | D:15     | Noticed Roxanne
 25553 | D:15     | Killed Roxanne
 25572 | D:15     | Paralysed by an ogre mage for 4 turns
 26100 | D:15     | Found a staircase to the Depths.
 26372 | D:15     | Noticed Josephine
 26378 | D:15     | Noticed Agnes
 26383 | D:15     | Killed Agnes
 26389 | D:15     | Killed Josephine
 26479 | D:15     | Found a shimmering altar of Xom.
 26481 | D:15     | Found a snail-covered altar of Cheibriados.
 26481 | D:15     | Found a hide-covered altar of Uskayaw.
 26483 | D:15     | Found a shimmering altar of Xom.
 26483 | D:15     | Found a shadowy altar of Dithmenos.
 26483 | D:15     | Found a glowing golden altar of the Shining One.
 26976 | Swamp:1  | Entered Level 1 of the Swamp
 26985 | Swamp:1  | Reached XP level 16. HP: 144/144 MP: 16/33
 27070 | Swamp:1  | Identified the +0 pair of boots of Wakhat {rC++ rN+ Str+4
                  | Stlth+}
 27374 | Swamp:1  | Upgraded the game from 0.30-a0-310-g7d6cbdfea6 to
                  | 0.30-a0-339-g89bb51ec76
 27374 | Swamp:1  | Upgraded the game from 0.30-a0-339-g89bb51ec76 to
                  | 0.30-a0-371-gad7725a93e
 27865 | Swamp:2  | Offered knowledge of Spellforged Servitor by Vehumet.
 28051 | Swamp:2  | Paralysed by a hornet for 1 turns
 28563 | Swamp:2  | You fall into a shaft and drop 1 floor!
 28574 | Swamp:3  | Noticed Nikola
 28581 | Swamp:3  | Killed Nikola
 28583 | Swamp:3  | Upgraded the game from 0.30-a0-371-gad7725a93e to
                  | 0.30-a0-528-g8c47a4955b
 29720 | Swamp:3  | Noticed Louise
 29720 | Swamp:3  | HP: 5/146 [will-o-the-wisp/foxfire (16)]
 29722 | Swamp:3  | Killed from afar by a will-o-the-wisp

Illustrated notes

Levels and vault maps discovered:
D:1:      tarquinn_simple_flora_water_c, layout_basic, kennysheep_boxes
D:2:      layout_loops_ring, minmay_misc_feat_four_crosses, uniq_jessica,
          uniq_natasha, uniq_robin
D:3:      layout_rooms, nicolae_overflow_crystal_walls,
          cheibrodos_sewer_entry_bend
D:4:      layout_gridville, nicolae_ossuary_entry_giza
D:5:      layout_loops_ring, mainiacjoe_overflow_alcove_4
D:6:      layout_gridville, uniq_pikel
D:7:      layout_rooms, mainiacjoe_overflow_cross_hatched,
          mainiacjoe_overflow_24_doors, temple_statues
D:8:      layout_basic, enter_bailey_5, serial_shops, nicolae_shop_trees,
          kennysheep_generic_room_11, uniq_maurice, uniq_amaemon
D:9:      layout_basic, zombieorc2_lemuel, nicolae_figureground_sparkle
D:10:     layout_basic, kennysheep_little_box
D:11:     layout_roguey, erik_lair_dragon
D:12:     layout_irregular_city
D:13:     layout_roguey, hive_lemuel
D:14:     layout_basic, hangedman_vaults_entry_quadrant_bands, uniq_kirke
D:15:     grunt_enter_depths_hoard, layout_loops_corners, doesnt_xom_only_xom,
          nicolae_hepliaklqana_hazy_memory, uniq_josephine, uniq_azrael,
          uniq_agnes, uniq_roxanne
Temple:   sentei_temple_godly_chess
Lair:1:   layout_hall_layers, serial_bayou_shore_a
Lair:2:   layout_roguey [special_room_bee], swamp_mist,
          minmay_snake_entry_six_corridors, st_stairs_8
Lair:3:   layout_big_grid, basic_altar, nicolae_lair_grove_arrangements
Lair:4:   slaughterhouse, layout_regular_city, slime_entry_1, evilmike_ambush
          [evilmike_ambush_outer_basic, evilmike_ambush_inner_wall_1]
Lair:5:   evilmike_catoblepas_cave, layout_long_grid, grunt_forest_stairs_basic,
          fungi_pond_lemuel, grunt_forest_small_clearing_treed
Swamp:1:  layout_basic_swamp, hangedman_swamp_ruin_wall, swamp_pool1,
          grunt_lady_of_the_lake
Swamp:2:  layout_basic_swamp, nicolae_swamp_little_tower,
          infiniplex_staircase_pool
Swamp:3:  nicolae_swamp_long_stream, layout_basic_swamp,
          nicolae_swamp_very_dense_foliage, nicolae_swamp_fairy_circle,
          uniq_nikola, uniq_louise
Orc:1:    layout_caves, basic_altar, mines5_lemuel
Orc:2:    st_orc_rangers, layout_caves, uniq_rupert

Skill      XL: |  1  2  3  4  5  6  7  8  9 10 11 12 13 14 15 16 |
---------------+-------------------------------------------------+-----
Conjurations   | 5 6 7 8 9 11 13 14 | 14.0
Earth Magic    | 3 5 8 10 12 14 16 17 18 | 18.9
Spellcasting   | 3 5 8 10 11 12 13 | 13.7
Transmutations | 4 |  4.0
Fighting       | 1 6 10 12 13 14 | 14.3
Dodging        | |  1.7
Stealth        | |  1.7

Action                   |  1- 3 |  4- 6 |  7- 9 | 10-12 | 13-15 | 16-18 || total
-------------------------+-------+-------+-------+-------+-------+-------++-------
Melee: Unarmed           |     1 |       |       |       |       |       ||     1
       Dagger            |       |    29 |    20 |       |       |       ||    49
       Tailslap          |       |     6 |     7 |    10 |    27 |       ||    50
       Punch             |       |     1 |       |     2 |     2 |       ||     5
       Flail             |       |       |       |    36 |   147 |       ||   183
       Bite              |       |       |       |       |    10 |       ||    10
       Staff             |       |       |       |       |    11 |     6 ||    17
 Cast: Magic Dart        |    53 |    58 |    12 |       |       |       ||   123
       Searing Ray       |     3 |    24 |       |       |       |       ||    27
       Stone Arrow       |       |       |    77 |   380 |   137 |     3 ||   597
       Statue Form       |       |       |       |     2 |     1 |       ||     3
       Iron Shot         |       |       |       |       |   417 |   110 ||   527
       Petrify           |       |       |       |       |     1 |       ||     1
 Abil: Breathe Acid      |       |       |    15 |    43 |    39 |     2 ||    99
Evoke: Wand              |       |       |       |     1 |     3 |     7 ||    11
  Use: Scroll            |       |       |    21 |     4 |     9 |     4 ||    38
       Potion            |       |       |       |     3 |     1 |     2 ||     6
 Stab: Sleeping          |       |       |     1 |       |       |       ||     1
Armor: Skin              |     2 |    36 |    10 |   125 |   212 |    31 ||   416
Dodge: Dodged            |     4 |    63 |    30 |   145 |   252 |    31 ||   525

Table legend: (Time is in decaauts)
 A = Elapsed time spent in this place.
 B = Non-inter-level travel time spent in this place.
 C = Inter-level travel time spent in this place.
 D = Time resting spent in this place.
 E = Time spent auto-exploring this place.
 F = Levels seen in this place.
 G = Mean time per level.
                   A        B        C        D        E       F      G
               +--------+--------+--------+--------+--------+-----+--------+
         Total |  30055 |  28315 |   1740 |   3290 |  20058 |  28 | 1073.4 |
       Dungeon |  16167 |  15022 |   1145 |    422 |  12243 |  15 | 1077.8 |
        Temple |     22 |     22 |      0 |      0 |      0 |   1 |   22.0 |
          Lair |   8022 |   7565 |    457 |   1138 |   5000 |   5 | 1604.4 |
         Swamp |   2864 |   2784 |     80 |    953 |   1428 |   3 |  954.7 |
  Orcish Mines |   1784 |   1726 |     58 |    642 |    733 |   2 |  892.0 |
       Ossuary |    813 |    813 |      0 |      0 |    557 |   1 |  813.0 |
        Bailey |    378 |    378 |      0 |    135 |     95 |   1 |  378.0 |
               +--------+--------+--------+--------+--------+-----+--------+

Top non-repeatable levels by time:
  Lair:4: 2558 daAuts
  Lair:5: 1767 daAuts
    D:15: 1725 daAuts
  Lair:2: 1717 daAuts
    D:14: 1575 daAuts
  Lair:1: 1379 daAuts
 Swamp:2: 1353 daAuts
   Orc:2: 1348 daAuts
    D:11: 1332 daAuts
    D:12: 1228 daAuts
     D:2: 1227 daAuts
    D:10: 1212 daAuts
 Swamp:1: 1115 daAuts
     D:1: 1108 daAuts
     D:9: 1051 daAuts
